 Dungeon Crawl Stone Soup version 0.21.1-1-g345015f (webtiles) character file.

9271 Mgcat the Cleaver (level 11, -7/108 HPs)
             Began as a Minotaur Berserker on Feb 5, 2018.
             Was a High Priest of Trog.
             Mangled by an orc warrior
             ... wielding a +0 halberd
              (12 damage)
             ... in a bailey.
             The game lasted 00:18:30 (8760 turns).

Mgcat the Cleaver (Minotaur Berserker)              Turns: 8760, Time: 00:18:31

Health: -7/108     AC:  9    Str: 23    XL:     11   Next: 20%
Magic:  10/10      EV: 12    Int:  4    God:    Trog [*****.]
Gold:   569        SH:  2    Dex: 12    Spells: 10/10 levels left

rFire    . . .     SeeInvis .   C - +0 great mace
rCold    . . .     Gourm    .   (shield currently unavailable)
rNeg     . . .     Faith    .   l - +3 leather armour {MR+}
rPois    .         Spirit   .   (helmet restricted)
rElec    .         Reflect  +   D - +0 cloak
rCorr    .         Harm     .   (no gloves)
MR       +++..                  q - +0 pair of boots
Stlth    +.........             G - +2 amulet of reflection
HPRegen  1.28/turn              (no ring)
MPRegen  0.12/turn              (no ring)

@: berserk cooldown, regenerating, slowed, very slow
A: retaliatory headbutt, horns 2
a: Berserk, Trog's Hand, Brothers in Arms, Burn Spellbooks, Renounce Religion


You were in a bailey.
You worshipped Trog.
Trog was extremely pleased with you.
You were not hungry.

You visited 1 branch of the dungeon, and saw 11 of its levels.
You also visited: Bailey.

You collected 733 gold pieces.
You spent 164 gold pieces at shops.

Inventory:

Hand Weapons
 m - a +1 war axe
   (You found it on level 3 of the Dungeon)
 y - a +2 dire flail of holy wrath
   (You took it off Edmund on level 6 of the Dungeon)
 C - a +0 great mace (weapon)
   (You took it off a two-headed ogre on level 8 of the Dungeon)
 H - a +0 trident
   (You took it off an orc in a bailey)
Missiles
 n - 8 curare-tipped needles
Armour
 l - a +3 leather armour of magic resistance (worn)
   (You found it on level 2 of the Dungeon)
 q - a +0 pair of boots (worn)
   (You found it on level 4 of the Dungeon)
 D - a +0 cloak (worn)
   (You found it on level 8 of the Dungeon)
Jewellery
 G - a +2 amulet of reflection (around neck)
   (You found it on level 9 of the Dungeon)
Wands
 s - a wand of acid (4)
   (You found it on level 9 of the Dungeon)
 v - a wand of clouds (5)
   (You found it on level 5 of the Dungeon)
 w - a wand of iceblast (1)
   (You found it on level 5 of the Dungeon)
Scrolls
 a - 4 scrolls of magic mapping {!r}
 d - 3 scrolls of enchant armour
 e - 4 scrolls of enchant weapon
 i - 3 scrolls of immolation {!r}
 p - 5 scrolls of teleportation
 t - 3 scrolls of identify
 A - a scroll of remove curse
Potions
 b - 4 potions of brilliance {unknown}
 f - 2 potions of flight
 g - 2 potions of degeneration {unknown}
 h - 5 potions of curing
 j - 4 potions of resistance
 k - a potion of ambrosia {unknown}
 o - a potion of heal wounds {unknown}
 r - a potion of magic
 u - a potion of cancellation {unknown}
 x - 2 potions of mutation {unknown}
 z - 2 potions of might {unknown}
 B - a potion of lignification {unknown}
 E - a potion of haste {unknown}
 F - 2 potions of agility {unknown}
Comestibles
 c - 31 rations


   Skills:
 + Level 13.8 Fighting
 + Level 13.9 Axes
 + Level 7.4 Armour
 - Level 2.1 Dodging


You had 10 spell levels left.
You didn't know any spells.

Dungeon Overview and Level Annotations

Branches:
Dungeon (11/15)            Temple (0/1) D:6
   Lair: D:8-11         Orc: D:9-12

Altars:
Cheibriados
Elyvilon
Gozag
Hepliaklqana
Kikubaaqudgha
Makhleb
Okawaru
Qazlal
Ru
Trog
Uskayaw
Wu Jian
Yredelemnul
Zin

Shops:
D:4 [   D:5 ?   D:6 %

Annotations:
D:2 1 runed door


Innate Abilities, Weirdness & Mutations

You reflexively headbutt those who attack you in melee.
You have a pair of horns on your head.


Message History

Things that are here:
a halberd; an orc corpse
Things that are here:
a halberd; an orc corpse
Items here: )) [ †† a spear; a chain mail; a war axe; an orc corpse x2
Things that are here:
a halberd; an orc corpse
Things that are here:
a halberd; a ring mail; an orc corpse As you open the door, it creaks loudly!
You feel yourself speed up.
There is an open door here.
You now have 477 gold pieces (gained 13).
You now have 495 gold pieces (gained 18).
You now have 514 gold pieces (gained 19).
You now have 532 gold pieces (gained 18).
You recover from your berserk rage.
You now have 551 gold pieces (gained 19).
You now have 569 gold pieces (gained 18).
You open the door. 5 orcs and 2 orc warriors come into view.
The orc warrior shouts!
The orc shouts! x3; The orc warrior shouts!
The orc shouts!
You hear a shout! x3
An orc and an orc warrior come into view. 2 orcs come into view.
The orc shouts!
The orc warrior shouts!
The orc shouts! x2
An orc warrior comes into view. It is wielding a halberd.
There is an open door here.
Your skin crawls.
You feel resistant to hostile enchantments.
You feel somewhat more hungry. The orc closely misses you.
The orc warrior barely misses you.
Unknown command.
A red film seems to cover your vision as you go berserk!
You feel yourself moving faster!
You feel mighty!
You feel quite a bit more hungry. The orc warrior closely misses you.
The orc warrior completely misses you. The orc barely misses you.
You bludgeon the orc warrior!!
The orc warrior is severely wounded.
The orc barely misses you.
The orc warrior hits you with a war axe!!
The orc warrior hits you from afar with a trident.
You beat the orc warrior like a drum!!!
You kill the orc warrior!
Trog accepts your kill.
The orc hits you from afar with a trident.
The orc warrior hits you with a trident!
The orc barely misses you. The orc hits you but does no damage.
The orc closely misses you. x2
There is an open door, spattered with blood here.
You see here a war axe.
You are too injured to fight recklessly!
You are too injured to fight recklessly!
You are too injured to fight recklessly!
You are too injured to fight recklessly!
You are too injured to fight recklessly!
You feel a strong urge to attack something.
The orc misses you.
The orc warrior hits you from afar with a halberd!
The orc warrior barely misses you.
You feel your anger nearly subside.
You are no longer berserk.
You are exhausted.
You feel yourself slow down.
The orc warrior hits you from afar with a halberd.
The orc warrior hits you from afar with a trident.
You barely miss the orc. You headbutt the orc, but do no damage.
The orc misses you.
The orc warrior hits you but does no damage.
The orc warrior misses you. The orc hits you with a trident.
The orc warrior closely misses you.
You closely miss the orc. The orc warrior barely misses you.
The orc warrior hits you from afar with a halberd!
The orc hits you but does no damage.
The orc warrior hits you from afar with a trident.
The orc warrior barely misses you. The orc hits you with a trident.
The orc warrior closely misses you.
You hit the orc. Your headbutt misses the orc.
The orc is moderately wounded.
The orc warrior barely misses you. x2; You block the orc's attack.
The orc warrior closely misses you.
The orc warrior hits you from afar with a trident.
The orc warrior closely misses you.
Okay, then.
Unknown command.
Unknown command.
You hit the orc but do no damage.
You kill the orc!
Trog accepts your kill. The orc warrior barely misses you.
The orc warrior hits you from afar with a trident!
The orc warrior hits you from afar with a halberd!!
* * * LOW HITPOINT WARNING * * *
The orc warrior hits you from afar with a halberd!
* * * LOW HITPOINT WARNING * * *
The orc warrior barely misses you.
Unknown command.
Unknown command.
The orc warrior hits you from afar with a halberd!
You die...

###### ############
#.....# ##........∩.##
.....o.######....).......#
.....oo#....#...)))......#
.....ooo.@..'...))).....∩#
.....oo#....#...[))......#
.......######............#
#.....# ##........∩.##
###### ############


You could see 3 orc warriors and 4 orcs.

Vanquished Creatures
  Erica (D:8)
  2 two-headed ogres
  Pikel (D:8)
  A troll (D:9)
  Prince Ribbit (D:8)
  A hippogriff (D:7)
  Sigmund (D:2)
  A wraith (D:10)
  11 yaks (D:10)
  3 hogs (D:10)
  A human (D:10)
  Edmund (D:6)
  3 orc warriors
  2 ice beasts
  A phantom (D:4)
  5 ogres
  A sky beast (D:6)
  2 centaurs
  Blork the orc (D:4)
  A big kobold (D:7)
  5 bullfrogs
  4 scorpions
  14 killer bees
  3 wights (D:7)
  2 crimson imps
  A quasit (D:10)
  A centaur zombie (D:8)
  3 hounds
  3 jellies
  6 orc priests
  2 centaur skeletons
  Jessica (D:2)
  Terence (D:2)
  2 iguanas
  8 orc wizards
  4 worker ants
  4 gnolls (D:6)
  6 adders
  A shadow imp (D:8)
  2 worms
  2 leopard geckos
  52 orcs
  2 giant cockroaches
  9 goblins
  3 hobgoblins
  6 quokkas
  A ball python (D:3)
  6 bats
  8 frilled lizards
  10 kobolds
  4 rats
217 creatures vanquished.

Notes
Turn   | Place    | Note
-------+----------+-------------------------------------------
     0 | D:1      | Mgcat the Minotaur Berserker began the quest for the Orb.
     0 | D:1      | Reached XP level 1. HP: 19/19 MP: 0/0
   216 | D:1      | Reached skill level 4 in Fighting
   216 | D:1      | Reached skill level 4 in Axes
   330 | D:1      | Reached XP level 2. HP: 18/27 MP: 1/1
   416 | D:1      | HP: 6/27 [goblin/club (1)]
  1041 | D:2      | Noticed Sigmund
  1046 | D:2      | Killed Sigmund
  1046 | D:2      | Reached skill level 5 in Fighting
  1046 | D:2      | Reached skill level 5 in Axes
  1046 | D:2      | Reached XP level 3. HP: 37/37 MP: 2/2
  1046 | D:2      | Reached XP level 4. HP: 44/44 MP: 3/3
  1046 | D:2      | Reached XP level 5. HP: 50/50 MP: 4/4
  1169 | D:2      | Reached ** piety under Trog
  1196 | D:2      | Noticed Jessica
  1202 | D:2      | Killed Jessica
  1340 | D:2      | Noticed Terence
  1347 | D:2      | Killed Terence
  1347 | D:2      | Reached skill level 6 in Fighting
  1347 | D:2      | Reached skill level 6 in Axes
  1761 | D:2      | Found a runed door.
  2471 | D:3      | Found a stormy altar of Qazlal.
  2494 | D:3      | Found an opulent altar of Gozag.
  2952 | D:4      | Reached XP level 6. HP: 57/58 MP: 5/5
  2985 | D:5      | Entered Level 5 of the Dungeon
  3124 | D:4      | Reached skill level 7 in Fighting
  3124 | D:4      | Reached skill level 7 in Axes
  3138 | D:4      | Reached *** piety under Trog
  3189 | D:4      | Reached XP level 7. HP: 34/66 MP: 6/6
  3363 | D:4      | Found Tuczalic's Armour Emporium.
  3368 | D:4      | Found an iron altar of Okawaru.
  3535 | D:4      | Noticed Blork the orc
  3541 | D:4      | Killed Blork the orc
  3640 | D:5      | Reached skill level 8 in Fighting
  3640 | D:5      | Reached skill level 8 in Axes
  3647 | D:5      | Found a white marble altar of Elyvilon.
  4031 | D:5      | Reached XP level 8. HP: 77/77 MP: 7/7
  4385 | D:5      | Found Ruzusar's Magic Scroll Shop.
  4444 | D:5      | Bought a scroll of enchant armour for 82 gold pieces
  4444 | D:5      | Bought a scroll of enchant weapon for 82 gold pieces
  4615 | D:6      | Reached skill level 9 in Fighting
  4615 | D:6      | Reached skill level 9 in Axes
  4691 | D:6      | Found an ornate altar of the Wu Jian Council.
  4693 | D:6      | Noticed Edmund
  4702 | D:6      | Killed Edmund
  4877 | D:6      | Found Towuolan's Food Boutique.
  4930 | D:6      | Found a glowing silver altar of Zin.
  5217 | D:6      | Found a staircase to the Ecumenical Temple.
  5625 | D:7      | Reached skill level 10 in Axes
  5627 | D:7      | Reached skill level 10 in Fighting
  5818 | D:7      | Found a hazy altar of Hepliaklqana.
  5825 | D:7      | Found a bloodstained altar of Trog.
  5971 | D:7      | Reached **** piety under Trog
  5978 | D:7      | Reached XP level 9. HP: 86/86 MP: 8/8
  6048 | D:7      | Found a hide-covered altar of Uskayaw.
  6254 | D:7      | Reached skill level 11 in Axes
  6369 | D:8      | Reached skill level 11 in Fighting
  6455 | D:8      | Noticed Erica
  6461 | D:8      | Killed Erica
  6530 | D:8      | Noticed a two-headed ogre
  6539 | D:8      | Killed a two-headed ogre
  6539 | D:8      | Reached skill level 12 in Fighting
  6539 | D:8      | Reached skill level 12 in Axes
  6663 | D:8      | Found a sacrificial altar of Ru.
  6706 | D:8      | Found a snail-covered altar of Cheibriados.
  6757 | D:8      | Reached XP level 10. HP: 99/99 MP: 9/9
  6982 | D:8      | Noticed Prince Ribbit
  6983 | D:8      | Noticed Pikel
  6987 | D:8      | Killed Prince Ribbit
  6987 | D:8      | Reached skill level 3 in Armour
  6990 | D:8      | Killed Pikel
  7023 | D:8      | Found a burning altar of Makhleb.
  7291 | D:9      | Reached skill level 4 in Armour
  7335 | D:9      | HP: 23/100 [troll (12)]
  7638 | D:9      | Found an ancient bone altar of Kikubaaqudgha.
  7723 | D:9      | Found a basalt altar of Yredelemnul.
  7781 | D:9      | Reached skill level 13 in Axes
  7812 | D:10     | Entered Level 10 of the Dungeon
  7820 | D:10     | Reached skill level 13 in Fighting
  7820 | D:10     | Reached skill level 5 in Armour
  7896 | D:10     | Noticed a two-headed ogre
  7925 | D:10     | Killed a two-headed ogre
  7933 | D:10     | Reached skill level 6 in Armour
  7955 | D:9      | HP: 24/101 [killer bee (7)]
  7960 | D:9      | HP: 16/101 [poisoned by a killer bee]
  7965 | D:9      | HP: 13/101 [poisoned by a killer bee]
  7970 | D:9      | HP: 11/101 [poisoned by a killer bee]
  7975 | D:9      | HP: 11/101 [poisoned by a killer bee]
  7982 | D:9      | HP: 11/101 [poisoned by a killer bee]
  7990 | D:9      | HP: 11/101 [poisoned by a killer bee]
  8422 | D:10     | Reached XP level 11. HP: 107/107 MP: 10/10
  8429 | D:10     | Reached skill level 7 in Armour
  8680 | D:11     | Found a flagged portal.
  8680 | D:11     | Found the +5 scythe "Finisher" {speed, Str+3}
  8687 | Bailey   | Entered a bailey
  8696 | Bailey   | Reached ***** piety under Trog
  8759 | Bailey   | HP: 18/108 [orc warrior/halberd (18)]
  8759 | Bailey   | HP: 3/108 [orc warrior/halberd (15)]
  8760 | Bailey   | Mangled by an orc warrior

Skill      XL: |  1  2  3  4  5  6  7  8  9 10 11 |
---------------+----------------------------------+-----
Fighting       | 4 5 6 7 8 10 12 13 | 13.8
Axes           | 4 5 6 7 8 10 12 13 | 13.9
Armour         | 6 7 |  7.4
Dodging        | |  2.1

Action                   |  1- 3 |  4- 6 |  7- 9 | 10-12 || total
-------------------------+-------+-------+-------+-------++-------
Melee: Hand axe          |    38 |    43 |       |       ||    81
       Headbutt          |     5 |    12 |    29 |    28 ||    74
       War axe           |       |    60 |    77 |       ||   137
       Dire flail        |       |       |    87 |       ||    87
       Great mace        |       |       |    16 |   135 ||   151
Invok: Berserk           |     1 |     3 |     8 |     8 ||    20
       Burn Spellbooks   |       |       |     1 |       ||     1
       Trog's Hand       |       |       |       |     4 ||     4
Evoke: Wand              |       |       |       |     2 ||     2
  Use: Scroll            |       |     9 |     6 |     2 ||    17
  Eat: Chunk             |       |    11 |    11 |     4 ||    26
       Ration            |       |       |     2 |     4 ||     6
Armor: Animal skin       |    10 |       |       |       ||    10
       Leather armour    |       |    30 |    56 |    61 ||   147
Dodge: Dodged            |    31 |    65 |    90 |   149 ||   335
Block: Other             |       |       |       |    14 ||    14

Vault maps used:
D:1:      kilobyte_arrival_exit_the_forest
D:2:      serial_co_window_serial, co_window_paths_a, co_window_paths_a,
          co_window_paths_b, co_window_paths_b, co_window_paths_a,
          co_window_broadway_c, co_window_paths_c, co_window_2corner,
          co_window_2corner, co_window_4corner_a, glass_columns_a, uniq_terence,
          uniq_sigmund, uniq_crazy_yiuf_cottage, uniq_jessica
D:3:      nicolae_overflow_hidden_temple, grunt_gozag_breadcrumbs, first_ration,
          nrook_mini_vaults
D:4:      okawaru_metal_pillars_3, serial_shops, nicolae_shop_waterfront,
          uniq_blork_the_orc
D:5:      elyvilon_altar_5, serial_shops, nicolae_shop_behind_doors,
          kennysheep_generic_room_9
D:6:      marbit_many_paths, old_standard_altar, minmay_temple_entry_hall,
          serial_shops, nicolae_shop_competitors_out_of_business, uniq_edmund
D:7:      eat_drink_and_be_merry_uskayaw, amethyst_overflow_temple_binary
D:8:      cheibrodos_worm_habitat, nicolae_overflow_crystal_walls,
          nicolae_ru_path_of_blood, uniq_prince_ribbit1, uniq_pikel, uniq_erica
D:9:      yredelemnul_altar_generic, kiku_gazebo_pond_becter
D:10:     grunt_livestock, hangedman_decor_growths
D:11:     minmay_lair_entry_lava, orc_david_3, lab_entry_generic,
          enter_bailey_2, uniq_snorg, uniq_maurice, uniq_erolcha, uniq_urug
Bailey:   bailey_polearm_5, bailey

Table legend:
 A = Turns spent in this place as a percentage of turns spent in the entire game.
 B = Non-inter-level travel turns spent in this place as a percentage of non-inter-level travel turns spent in the entire game.
 C = Inter-level travel turns spent in this place as a percentage of turns spent in this place.
 D = Turns resting spent in this place as a percentage of non-inter-level travel turns spent in this place.
 E = Turns spent auto-exploring this place as a percentage of non-inter-level travel turns spent in this place.
 F = Non-inter-level travel turns spent in this place divided by the number of levels of this place that you've seen.
                   A       B       C       D       E      F
               +-------+-------+-------+-------+-------+----------------------
         Total | 100.0 | 100.0 |   4.0 |   0.0 |  85.2 | 700.8
       Dungeon |  99.2 |  99.1 |   4.0 |   0.0 |  85.6 | 757.8
        Bailey |   0.8 |   0.9 |   0.0 |   0.0 |  32.9 |  73.0
               +-------+-------+-------+-------+-------+----------------------

Table legend:
 A = Kills in this place as a percentage of kills in entire the game.
 B = Kills by you in this place as a percentage of kills by you in the entire game.
 C = Kills by friends in this place as a percentage of kills by friends in the entire game.
 D = Other kills in this place as a percentage of other kills in the entire game.
 E = Experience gained in this place as a percentage of experience gained in the entire game.
 F = Experience gained in this place divided by the number of levels of this place that you have seen.
                   A       B       C       D       E      F
               +-------+-------+-------+-------+-------+----------------------
         Total | 100.0 | 100.0 |   N/A |   N/A | 100.0 | 1103.8
       Dungeon |  93.5 |  93.5 |   N/A |   N/A |  98.7 | 1188.1
        Bailey |   6.5 |   6.5 |   N/A |   N/A |   1.3 | 176.0
               +-------+-------+-------+-------+-------+----------------------
